 Dungeon Crawl Stone Soup version 0.32-a0-975-g85d4e5bfdb (webtiles) character file.

Game seed: 5949263208705994954

611 Autsider the Sneak (level 7, -6/36 HPs)
             Began as a Vine Stalker Warper on Apr 18, 2024.
             Was a Follower of Okawaru.
             Mangled by Menkaure (18 damage)
             ... on level 5 of the Dungeon.
             The game lasted 00:08:50 (3690 turns).

Autsider the Sneak (Vine Stalker Warper)            Turns: 3690, Time: 00:08:51

Health: -6/36      AC:  6    Str: 14    XL:     7   Next: 43%
Magic:  0/13       EV: 11    Int: 13    God:    Okawaru [*.....]
Gold:   240        SH:  0    Dex: 15    Spells: 9/13 levels left

rFire   + . .        p - +5 sling of the Shifting Mosquito {speed, rF+ rCorr}
rCold   . . .        (no shield)
rNeg    . . .        b - +0 leather armour
rPois   .            t - +0 helmet
rElec   .            r - +0 cloak
rCorr   +            i - +0 pair of gloves
SInv    .            (no boots)
Will    .....        (no amulet)
Stlth   ++           (no ring)
HPRegen 1.06/turn    (no ring)
MPRegen 0.13/turn

%: guardian spirit
@: no status effects
A: fangs 2, regeneration 1, magic shield, antimagic bite, no potion heal 2
a: Renounce Religion, Heroism


You were on level 5 of the Dungeon.
You worshipped Okawaru.
Okawaru was aware of your devotion.
You visited 2 branches of the dungeon, and saw 6 of its levels.

You collected 240 gold pieces.

Inventory:

Hand Weapons
 f - a +0 rapier
 n - the +1 hammer of Qathriv {freeze, Dex+3}
   (You found it on level 2 of the Dungeon)

   Dex+3:     It affects your dexterity (+3).
 p - the +5 sling of the Shifting Mosquito (weapon) {speed, rF+ rCorr}
   (You found it on level 2 of the Dungeon)

   rF+:       It protects you from fire.
   rCorr:     It protects you from acid and corrosion.
 z - a +1 dagger of venom
Missiles
 d - 6 darts of dispersal
 e - 9 poisoned darts
 v - a throwing net
Armour
 b - a +0 leather armour (worn)
 i - a +0 pair of gloves (worn)
 r - a +0 cloak (worn)
 t - a +0 helmet (worn)
Wands
 a - a wand of paralysis (13)
Scrolls
 c - 3 scrolls of blinking
 g - 4 scrolls of identify {unknown}
 l - 2 scrolls of poison {unknown}
 m - 4 scrolls of teleportation {unknown}
 s - a scroll of butterflies {unknown}
 w - a scroll of amnesia {unknown}
 x - a scroll of enchant armour {unknown}
 y - 2 scrolls of fog {unknown}
 A - a scroll of silence {unknown}
Potions
 h - 3 potions of mutation {unknown}
 j - 3 potions of curing {unknown}
 k - a potion of lignification {unknown}
 o - 3 potions of heal wounds {unknown}
 q - a potion of enlightenment {unknown}
 u - a potion of degeneration {unknown}


   Skills:
 + Level 3.3 Fighting
 - Level 3.0 Short Blades
 - Level 0.8 Throwing
 - Level 0.7 Armour
 + Level 3.2 Dodging
 + Level 4.3 Stealth
 + Level 3.8 Spellcasting
 - Level 4.0 Translocations


You had 9 spell levels left.
You knew the following spells:

 Your Spells              Type           Power      Damage    Failure   Level
a - Lesser Beckoning      Tloc           24%        N/A       8%          2
z - Blink                 Tloc           24%        N/A       8%          2

Your spell library contained the following spells:

 Spells                   Type           Power      Damage    Failure   Level
 Maxwell's Portable Pile  Tloc           12%        2d(6-17)  16%         3
 Teleport Other           Tloc           12%        N/A       16%         3
 Mercury Vapours          Alch/Air       4%         N/A       38%         2
 Mephitic Cloud           Conj/Alch/Air  2%         N/A       63%         3
 Vhi's Electric Charge    Tloc/Air       14%        N/A       75%         4
 Freezing Cloud           Conj/Ice/Air   1%         6-21      100%        5


Dungeon Overview and Level Annotations

Branches:
Dungeon (5/15)             Temple (1/1) D:4

Altars:
Cheibriados
Dithmenos
Elyvilon
Fedhas
Gozag
Hepliaklqana
Kikubaaqudgha
Makhleb
Nemelex Xobeh
Okawaru
Qazlal
Ru
Sif Muna
Trog
Uskayaw
Xom
Yredelemnul
Zin
The Shining One

Annotations:
D:5 Menkaure


Innate Abilities, Weirdness & Mutations

You have extremely sharp teeth.
Your natural rate of healing is unusually fast.
When hurt, damage is shared between your health and your magic reserves.
Your bite disrupts and absorbs the magic of your enemies.
Potions cannot restore your health.


Message History

Menkaure is lightly damaged.
Menkaure calls on the powers of darkness!
Your body is wracked with pain!
You are too injured to fight recklessly!
You are too injured to fight recklessly!
You are too injured to fight recklessly!
Fire: p) +5 sling of the Shifting Mosquito {speed, rF+ rCorr}
Press: ? - help, Q - select action, (/) - cycle Shift-Dir - straight line, f/p - Menkaure
Aim: Menkaure (lightly damaged, 77% to hit)
You shoot a sling bullet.
The sling bullet hits Menkaure but does no damage.
Menkaure is lightly damaged.
Menkaure gestures wildly while chanting.
Menkaure seems to speed up.
Fire: p) +5 sling of the Shifting Mosquito {speed, rF+ rCorr}
Press: ? - help, Q - select action, (/) - cycle Shift-Dir - straight line, f/p - Menkaure
Aim: Menkaure (lightly damaged, fast, 77% to hit)
You shoot a sling bullet.
The sling bullet hits Menkaure but does no damage.
Menkaure is lightly damaged.
Fire: p) +5 sling of the Shifting Mosquito {speed, rF+ rCorr}
Press: ? - help, Q - select action, (/) - cycle Shift-Dir - straight line, f/p - Menkaure
Aim: Menkaure (lightly damaged, fast, 77% to hit)
You shoot a sling bullet. The sling bullet hits Menkaure.
Menkaure is moderately damaged.
Fire: p) +5 sling of the Shifting Mosquito {speed, rF+ rCorr}
Press: ? - help, Q - select action, (/) - cycle Shift-Dir - straight line, f/p - Menkaure
Aim: Menkaure (moderately damaged, fast, 77% to hit)
You shoot a sling bullet. The sling bullet hits Menkaure.
Menkaure is heavily damaged.
Menkaure hits you!!
* * * LOW HITPOINT WARNING * * *
Fire: p) +5 sling of the Shifting Mosquito {speed, rF+ rCorr}
Press: ? - help, Q - select action, (/) - cycle Shift-Dir - straight line, f/p - Menkaure
Aim: Menkaure (heavily damaged, fast, 77% to hit)
You shoot a sling bullet. The sling bullet hits Menkaure.
Menkaure is severely damaged.
Menkaure hits you!!
Ouch! That really hurt!
You die...

#.# #.#
#.# #.#
#.# #.#
#.# #.#
#@# #M#
... .....
.......
........#
#........#
#####.####


You could see Menkaure (fast).

Vanquished Creatures
  2 ogres (D:4)
  A phantom (D:4)
  2 hounds (D:4)
  An orc priest (D:4)
  Crazy Yiuf (D:2)
  Natasha (thrice) (D:4)
  An iguana (D:5)
  An orc wizard (D:4)
  6 adders
  A dart slug (D:4)
  3 orcs (D:4)
  7 bats
  7 endoplasms
  3 giant cockroaches
  7 goblins
  6 hobgoblins
  2 jackals (D:2)
  9 kobolds
  4 quokkas
  4 ball pythons
  3 frilled lizards
  8 rats
82 creatures vanquished.

Notes
Turn   | Place    | Note
-------+----------+-------------------------------------------
     0 | D:1      | Autsider the Vine Stalker Warper began the quest for the
                  | Orb.
     0 | D:1      | Reached XP level 1. HP: 11/11 MP: 4/4
   258 | D:1      | Reached XP level 2. HP: 12/15 MP: 1/6
   324 | D:1      | Reached skill level 1 in Stealth
   917 | D:2      | Reached XP level 3. HP: 18/18 MP: 7/7
   920 | D:2      | Learned a level 2 spell: Blink
   923 | D:2      | Learned a level 2 spell: Lesser Beckoning
  1123 | D:2      | Identified the +1 hammer of Qathriv {freeze, Dex+3}
  1129 | D:2      | Found a runed translucent door.
  1130 | D:2      | Noticed Crazy Yiuf
  1186 | D:2      | Identified the +5 sling of the Shifting Mosquito {speed,
                  | rF+ rCorr}
  1330 | D:2      | Reached XP level 4. HP: 23/23 MP: 6/8
  1549 | D:2      | Killed Crazy Yiuf
  2474 | D:3      | Reached XP level 5. HP: 26/26 MP: 10/10
  2696 | D:4      | Found a staircase to the Ecumenical Temple.
  2701 | Temple   | Entered the Ecumenical Temple
  2720 | Temple   | Became a worshipper of Warmaster Okawaru
  2782 | D:4      | Reached XP level 6. HP: 30/32 MP: 9/11
  3187 | D:4      | Noticed Natasha
  3191 | D:4      | Killed Natasha
  3241 | D:4      | Reached XP level 7. HP: 36/36 MP: 10/13
  3277 | D:4      | Reached * piety under Okawaru
  3535 | D:4      | Noticed Natasha
  3540 | D:4      | Killed Natasha
  3555 | D:4      | Noticed Natasha
  3579 | D:5      | Entered Level 5 of the Dungeon
  3621 | D:4      | Killed Natasha
  3683 | D:5      | Noticed Menkaure
  3690 | D:5      | Mangled by Menkaure

Illustrated notes

Levels and vault maps discovered:
D:1:      dpeg_arrival_oval, layout_basic, dreamdust_princess_corridor
D:2:      layout_loops_ring, chequers_mini_garden, st_stairs_6,
          minmay_misc_feat_more_columns, uniq_crazy_yiuf_cottage
D:3:      layout_basic, minmay_pentangle
D:4:      layout_basic, temple_statues, uniq_natasha
D:5:      layout_basic, ebering_ghost_disaster_area, uniq_eustachio, uniq_pikel,
          uniq_menkaure
Temple:   compressed_dpeg_triangle_lava_temple

Skill      XL: |  1  2  3  4  5  6  7 |
---------------+----------------------+-----
Fighting       | 2 3 |  3.3
Short Blades   | 2 3 |  3.0
Stealth        | 1 2 3 4 |  4.3
Dodging        | 2 3 |  3.2
Spellcasting   | 3 |  3.8
Translocations | 4 |  4.0
Throwing       | |  0.8
Armour         | |  0.7

Action                     |  1- 3 |  4- 6 |  7- 9 || total
---------------------------+-------+-------+-------++-------
  Melee: Rapier            |    72 |       |       ||    72
         Short sword       |     3 |       |       ||     3
         Bite              |    13 |    21 |       ||    34
         Mace              |    12 |    82 |       ||    94
   Fire: Sling             |       |    23 |    47 ||    70
  Throw: Dart              |       |     1 |       ||     1
    Use: Scroll            |       |     1 |     1 ||     2
   Stab: Sleeping          |     2 |     9 |       ||    11
 Armour: Leather armour    |    53 |    78 |    14 ||   145
  Dodge: Dodged            |    42 |    51 |     8 ||   101

Table legend: (Time is in decaauts)
 A = Elapsed time spent in this place.
 B = Non-inter-level travel time spent in this place.
 C = Inter-level travel time spent in this place.
 D = Time resting spent in this place.
 E = Time spent auto-exploring this place.
 F = Levels seen in this place.
 G = Mean time per level.
                   A        B        C        D        E       F      G
               +--------+--------+--------+--------+--------+-----+--------+
         Total |   3731 |   3565 |    166 |     51 |   2794 |   6 |  621.8 |
       Dungeon |   3704 |   3563 |    141 |     51 |   2794 |   5 |  740.8 |
        Temple |     26 |      1 |     25 |      0 |      0 |   1 |   26.0 |
               +--------+--------+--------+--------+--------+-----+--------+

Top non-repeatable levels by time:
     D:4: 1048 daAuts
     D:3: 924 daAuts
     D:1: 907 daAuts
     D:2: 717 daAuts
     D:5: 106 daAuts
  Temple: 26 daAuts
